 Dungeon Crawl Stone Soup version 0.31-a0-150-g89dc3ad700 (webtiles) character file.

Game seed: 10739608933128581318

44 qw the Shooter (level 3, 0/22 HPs)
             Began as a Gargoyle Hunter on June 8, 2023.
             Slain by Sigmund
             ... wielding a +0 scythe
              (8 damage)
             ... on level 2 of the Dungeon.
             The game lasted 00:00:24 (815 turns).

qw the Shooter (Gargoyle Hunter)                     Turns: 815, Time: 00:00:24

Health: 0/22       AC:  8    Str: 14    XL:     3   Next: 60%
Magic:  3/3        EV: 10    Int:  9    God:
Gold:   30         SH:  0    Dex: 15    Spells: 2/2 levels left

rFire   . . .        Y - +0 shortbow
rCold   . . .        (shield currently unavailable)
rNeg    + . .        f - +0 ring mail
rPois   inf          (no helmet)
rElec   +            (no cloak)
rCorr   .            (no gloves)
SInv    .            (no boots)
Will    .....        (no amulet)
Stlth   +            (no ring)
HPRegen 0.23/turn    (no ring)
MPRegen 0.08/turn

%: no passive effects
@: no status effects
A: sickness immunity, AC +3, negative energy resistance 1, electricity
resistance, torment resistance 1, petrification resistance
a: no special abilities


You were on level 2 of the Dungeon.
You visited 1 branch of the dungeon, and saw 2 of its levels.

You collected 30 gold pieces.


Innate Abilities, Weirdness & Mutations

You are immune to sickness and miasma.
Your stone body is resilient. (AC +3)
You are immune to poison.
You resist negative energy. (rN+)
You are resistant to electric shocks. (rElec)
You are resistant to unholy torment.
You are immune to petrification.


   Skills:
 + Level 2.4 Fighting
 - Level 5.0 Ranged Weapons
 - Level 1.0 Armour
 - Level 1.5 Dodging
 - Level 1.1 Stealth


You had 2 spell levels left.
You didn't know any spells.
Your spell library was empty.

Inventory:

Hand Weapons
 Y - a +0 shortbow (weapon)
Armour
 f - a +0 ring mail (worn)
Potions
 a - a potion of enlightenment {unknown}

Dungeon Overview and Level Annotations

Branches:
Dungeon (2/15)

Altars:

Annotations:
D:2 Sigmund


Message History

The puff of flame misses you.
You shoot an arrow. The arrow closely misses Sigmund.
Sigmund gestures at you while chanting.
You are confused.
802 ||| DRINKING potion of curing.
You feel better.
802 ||| (to cure confusion) Sigmund screams, "You will never...
NEVER!!!"
You shoot an arrow. The arrow barely misses Sigmund.
Sigmund's eyes start glowing with a red light.
You shoot an arrow. The arrow hits Sigmund.
Sigmund is lightly wounded.
Sigmund casts a spell.
Sigmund flickers and vanishes!
Deactivating autopickup; reactivate with Ctrl-A.
You shoot an arrow. You shoot an arrow. Something hits you.
You shoot an arrow.
You hear some strange, mumbled words.
Something tries to affect you, but you resist.
You shoot an arrow.
You hear some strange, mumbled words.
You are confused.
You shoot an arrow. Something hits you but does no damage.
You shoot an arrow. Something hits you but does no damage.
You shoot an arrow.
A magic dart appears from out of thin air!
The magic dart hits you.
You shoot an arrow. Something hits you but does no damage.
You shoot an arrow. Something hits you!
You shoot an arrow.
You feel less confused. Something hits you but does no damage.
You shoot an arrow. Something hits you!
You die...

#### ###
#.######..#######.#
#....{.@......%...#
#.######..#######.#
#..# #.#
#..#######.#
#..##......#
#..##......######
#..##............
#..##......######
#..##......#


There were no monsters in sight!

Vanquished Creatures
  An adder (D:2)
  A dart slug (D:1)
  2 ball pythons (D:1)
  5 endoplasms (D:1)
  A giant cockroach (D:1)
  2 goblins (D:1)
  4 hobgoblins (D:1)
  2 jackals (D:1)
  2 quokkas (D:1)
  4 bats (D:1)
  3 kobolds (D:1)
  3 rats
30 creatures vanquished.

Notes
Turn   | Place    | Note
-------+----------+-------------------------------------------
     0 | D:1      | qw the Gargoyle Hunter began the quest for the Orb.
     0 | D:1      | Reached XP level 1. HP: 12/12 MP: 1/1
     0 | D:1      | 0 ||| qw: Version: 0.2-a-119-g7aa9181
     0 | D:1      | 0 ||| qw: Game counter: 2918
     0 | D:1      | 0 ||| qw: Always use a shield: true
     0 | D:1      | 0 ||| qw: God list: Okawaru
     0 | D:1      | 0 ||| qw: Allow faded altars: false
     0 | D:1      | 0 ||| qw: Do Orc after D:15 true
     0 | D:1      | 0 ||| qw: Do second Lair branch before Depths: true
     0 | D:1      | 0 ||| qw: Lair rune preference: random
     0 | D:1      | 0 ||| qw: Plans: Normal
     0 | D:1      | 0 ||| PLANNING D:1-11
    95 | D:1      | Reached XP level 2. HP: 17/17 MP: 2/2
   107 | D:1      | Found a faded altar of an unknown god.
   379 | D:1      | Reached XP level 3. HP: 12/21 MP: 3/3
   630 | D:1      | Reached skill level 5 in Ranged Weapons
   706 | D:1      | 706 ||| UPGRADING to +0 ring mail.
   716 | D:1      | 716 ||| DROPPING +0 leather armour.
   717 | D:1      | 717 ||| READING scroll labelled UKIPHO IFAMEO.
   718 | D:1      | 718 ||| DRINKING 2 cyan potions.
   719 | D:1      | 719 ||| DROPPING scroll of butterflies.
   751 | D:2      | Reached skill level 1 in Armour
   800 | D:2      | Noticed Sigmund
   802 | D:2      | 802 ||| DRINKING potion of curing.
   802 | D:2      | 802 ||| (to cure confusion)
   815 | D:2      | Slain by Sigmund

Levels and vault maps discovered:
D:1:      minmay_arrival_shattered_statue, layout_loops_ring,
          hellmonk_ecumenical_altar_heavens_door, minmay_misc_feat_square
D:2:      layout_basic, uniq_sigmund, uniq_natasha

Skill      XL: |  1  2  3 |
---------------+----------+-----
Ranged Weapons | 5 |  5.0
Armour         | 1 |  1.0
Fighting       | |  2.4
Dodging        | |  1.5
Stealth        | |  1.1

Action                     || total
---------------------------++-------
   Fire: Shortbow          ||   111
    Use: Potion            ||     2
         Scroll            ||     1
 Armour: Leather armour    ||    21
         Ring mail         ||     4
  Dodge: Dodged            ||    26

Table legend:
 A = Non-vault XP
 B = Vault XP
 C = Vault XP percentage of total XP
 D = Non-vault monster count
 E = Vault monster count
 F = Vault count percentage of total count
                 A         B        C        D         E       F
            +---------+---------+-------+---------+---------+-------
      Total |      63 |       0 |   0.0 |      30 |       0 |   0.0
            +---------+---------+-------+---------+---------+-------
        D:1 |      49 |       0 |   0.0 |      28 |       0 |   0.0
        D:2 |      14 |       0 |   0.0 |       2 |       0 |   0.0
            +---------+---------+-------+---------+---------+-------
